Unix NetHack Version 3.7.0-53 Work-in-progress - last build Apr 18 2022 03:42:42 (02b85442fffe0e2954e411e09df771b56fe27bbc,branch:master). Game began 2022-04-18 08:15:04, ended 2022-04-24 10:46:54. elenmirie, neutral female human Tourist ------------ ...%.......| ---|----...--- .......--....| ........ --...- ........ |..... ........ ----- -....... -----|----- ---...@@..@.--- |...A@...A.A..| |.A----A----@.| | |.......|A | |..A....| |..@@...| |.......| |.......| --------- D Elenmirie the Traveler St:18/24 Dx:18 Co:18 In:17 Wi:17 Ch:18 Neutral Astral Plane $:0 HP:182(235) Pw:43(64) AC:-27 Xp:17/752635 T:36308 Latest messages: "Pilgrim, you enter a sacred place!" The Angel of Blind Io swings her long sword at the renegade priestess of The Lady. The Angel of Blind Io hits the renegade priestess of The Lady. The Angel of Blind Io swings her long sword at the renegade priestess of The Lady. The Angel of Blind Io hits the renegade priestess of The Lady. The Angel of Blind Io hits the renegade priestess of The Lady. The renegade priestess of The Lady swings her mace at the Angel of Blind Io. The renegade priestess of The Lady hits the Angel of Blind Io. The renegade priestess of The Lady hits the Angel of Blind Io. The air crackles around the priestess of Blind Io. The priestess of Blind Io swings her mace. The priestess of Blind Io hits! The priestess of Blind Io kicks! The priestess of Blind Io points at you, then curses. The Angel of Moloch zaps you with a magic missile! The magic missile hits the priestess of Blind Io! The magic missile hits you! But it reflects from your armor! "Why search for the Amulet? Thou wouldst but lose it, cretin." The Angel of Offler wields a long sword! The Angel of Moloch zaps you with a magic missile! The magic missile hits you! But it reflects from your armor! The magic missile misses the Angel of Moloch. "Thy head is unfit for a mind flayer to munch upon!" The high priest of The Lady wields a mace! Pick an object. What do you want to remove? [bzY or ?*] ? You were wearing an uncursed ring of conflict (on right hand). The Angel of Offler swings his long sword. The Angel of Offler hits! The Angel of Offler swings his long sword. The Angel of Offler hits! The Angel of Offler misses! The Angel of Offler casts a spell at you! You are hit by a shower of missiles! The missiles bounce off! There is a high altar to The Lady (neutral) here. What do you want to sacrifice? [z or ?*] ? You offer the Amulet of Yendor to The Lady... An invisible choir sings, and you are bathed in radiance... The voice of The Lady booms out: "Mortal, thou hast done well!" "In return for thy service, I grant thee the gift of Immortality!" You ascend to the status of Demigoddess... Do you want your possessions identified? [ynq] (y) y Do you want to see your attributes? [ynq] (y) y Do you want an account of creatures vanquished? [ynaq] (y) y Do you want a list of species genocided and extinct? [ynq] (y) y Do you want to see your conduct and achievements? [ynq] (y) y Do you want to see the dungeon overview? [ynq] (y) y Major events: Turn 1: elenmirie the neutral female human Tourist entered the dungeon 1768: attained the rank of Sightseer (level 3) 3917: entered the Gnomish Mines 4162: attained the rank of Excursionist (level 6) 4750: reached Mine Town 6977: bestowed with Magicbane by The Lady 7426: made her first wish - "blessed fixed +3 silver dragon scale mail" 9035: entered Sokoban 9215: completed sokoban 1 9552: completed sokoban 2 9842: completed sokoban 3 10614: completed sokoban 4 10858: acquired the Sokoban amulet of reflection 12211: attained the rank of Peregrinatrix (level 10) 13640: acquired the Mines' End luckstone 14474: destroyed Dewzmint's ghost, the former Adept 15016: bestowed with Giantslayer by The Lady 18406: wished for "blessed fixed greased bag of holding" 24479: attained the rank of Traveler (level 14) 26248: wished for "blessed fixed ring of teleport control" 27270: found the Platinum Yendorian Express Card on the floor 27288: killed the Master of Thieves 27289: acquired the Bell of Opening 28218: killed Medusa 29114: entered Gehennom 30286: bribed Baalzebub with 23 zorkmids for safe passage 30642: destroyed Vlad the Impaler 30643: acquired the Candelabrum of Invocation 31335: killed Orcus 32110: performed her first genocide (class L) 32583: averted death (killed by an ochre jelly) 32633: killed the invisible Wizard of Yendor 32707: killed the invisible Wizard of Yendor (2nd time) 32709: acquired the Book of the Dead 32802: performed the invocation 33141: killed the high priest of Moloch 33145: acquired The Amulet of Yendor 33930: killed the Wizard of Yendor (3rd time) 34348: killed Juiblex 34350: bribed Asmodeus with 51 zorkmids for safe passage 34647: killed Geryon 36069: entered the Elemental Planes 36069: entered Plane of Earth 36119: entered Plane of Air 36181: entered Plane of Fire 36227: entered Plane of Water 36231: genocided class ; 36281: entered the Astral Plane 36290: killed Pestilence 36308: ascended Inventory: Weapons F - 17 blessed rustproof +7 daggers (at the ready) a - the blessed rustproof +6 Magicbane (weapon in hand) Armor p - a blessed +6 elven leather helm (being worn) G - a blessed thoroughly burnt +1 pair of leather gloves (being worn) s - a blessed +1 pair of speed boots (being worn) t - a blessed thoroughly burnt +4 cloak of protection (being worn) j - a blessed +1 Hawaiian shirt with a bird of paradise motif (being worn) Z - a blessed +5 silver dragon scale mail (being worn) Comestibles L - an uncursed lizard corpse Potions N - 2 blessed potions of full healing Rings Y - an uncursed ring of conflict b - an uncursed ring of free action (on left hand) Wands d - an uncursed wand of cold (0:4) Q - an uncursed wand of death (1:4) S - an uncursed wand of death (0:1) H - an uncursed wand of digging (0:7) I - an uncursed wand of digging (0:5) J - an uncursed wand of digging (0:2) E - an uncursed wand of teleportation (0:6) T - an uncursed wand of teleportation (0:6) q - an uncursed wand of teleportation (0:3) Tools w - a blessed greased bag of holding containing 122 items n - an uncursed fire horn (0:0) V - the uncursed Bell of Opening (0:2) m - an uncursed magic lamp (lit) W - the blessed Platinum Yendorian Express Card e - an uncursed skeleton key P - an uncursed stethoscope x - an uncursed towel u - a blessed +0 unicorn horn Gems/Stones f - a blessed luckstone g - a blessed touchstone Contents of the bag of holding: 49 gold pieces an uncursed amulet of magical breathing an uncursed amulet of reflection an uncursed +1 mummy wrapping a blessed +1 robe an uncursed carrot 2 uncursed eucalyptus leaves 2 uncursed food rations 6 uncursed K-rations 2 uncursed lumps of royal jelly an uncursed sprig of wolfsbane a blessed scroll of blank paper 23 uncursed scrolls of blank paper 5 cursed scrolls of blank paper 4 blessed scrolls of charging 3 uncursed scrolls of confuse monster a blessed scroll of create monster 2 uncursed scrolls of create monster 2 uncursed scrolls of destroy armor a cursed scroll of destroy armor 3 uncursed scrolls of earth an uncursed scroll of enchant armor 2 blessed scrolls of enchant weapon an uncursed scroll of fire an uncursed scroll of food detection 2 uncursed scrolls of genocide 2 blessed scrolls of identify an uncursed scroll of identify a blessed scroll of magic mapping 3 uncursed scrolls of magic mapping an uncursed scroll of punishment 3 blessed scrolls of remove curse an uncursed scroll of remove curse an uncursed scroll of scare monster an uncursed scroll of scare monster an uncursed scroll of taming 2 blessed scrolls of teleportation an uncursed scroll of teleportation a blessed potion of confusion an uncursed potion of confusion 2 uncursed potions of enlightenment 4 blessed potions of full healing 2 uncursed potions of gain energy a cursed potion of gain energy an uncursed potion of healing an uncursed potion of levitation a cursed potion of levitation 2 uncursed potions of monster detection 2 blessed potions of object detection a blessed potion of oil a cursed potion of oil an uncursed potion of paralysis 2 uncursed potions of restore ability an uncursed potion of speed 15 potions of holy water a potion of unholy water a cursed ring of aggravate monster an uncursed ring of cold resistance an uncursed ring of conflict an uncursed ring of conflict an uncursed ring of free action an uncursed ring of free action a cursed -1 ring of gain constitution a cursed -2 ring of gain constitution a blessed +1 ring of gain strength a cursed ring of hunger a cursed -1 ring of increase accuracy an uncursed ring of invisibility an uncursed ring of invisibility an uncursed ring of levitation an uncursed ring of poison resistance a cursed ring of polymorph a cursed ring of polymorph an uncursed ring of protection from shape changers a cursed ring of regeneration an uncursed ring of see invisible an uncursed ring of see invisible an uncursed ring of see invisible an uncursed ring of stealth a cursed ring of stealth an uncursed ring of sustain ability an uncursed ring of sustain ability an uncursed ring of sustain ability an uncursed ring of sustain ability a blessed ring of teleport control an uncursed ring of teleport control an uncursed ring of teleport control a cursed ring of teleportation an uncursed wand of cold (0:3) an uncursed wand of death (0:6) an uncursed wand of digging (0:8) an uncursed wand of digging (0:7) an uncursed wand of digging (0:6) an uncursed wand of digging (0:6) an uncursed wand of digging (0:5) a blessed wand of enlightenment (0:10) an uncursed wand of fire (0:7) an uncursed wand of lightning (0:7) an uncursed wand of magic missile (0:6) an uncursed wand of opening (0:6) an uncursed wand of polymorph (0:7) a blessed wand of secret door detection (0:8) a blessed wand of sleep (0:3) an uncursed wand of sleep (0:8) an uncursed wand of sleep (0:7) an uncursed wand of striking (0:4) an uncursed wand of teleportation (0:8) an uncursed wand of teleportation (0:2) an uncursed wand of wishing (0:2) an empty uncursed sack an uncursed magic lamp an uncursed magic marker (0:25) an uncursed tinning kit (0:68) 3 uncursed wax candles an uncursed amethyst stone 3 uncursed black opals an uncursed black opal 3 uncursed diamonds 8 uncursed emeralds an uncursed emerald 2 uncursed rubies a blessed touchstone Elenmirie the Tourist's attributes: Background: You were a Traveler, a level 17 female human Tourist. You were neutral, on a mission for The Lady who was opposed by Blind Io (lawful) and Offler (chaotic). You were in the endgame, on the Astral Plane. You entered the dungeon 36308 turns ago. You had 752635 experience points, 527365 more were needed to attain level 18. Basics: You had 182 out of 235 hit points. You had 43 out of 64 energy points (spell power). Your armor class was -27. Your wallet was empty. Autopickup was on for '0' plus thrown. Final Characteristics: Your strength was 18/24 (limit:18/100). Your dexterity was 18 (limit:18). Your constitution was 18 (limit:18). Your intelligence was 17 (limit:18). Your wisdom was 17 (limit:18). Your charisma was 18 (limit:18). Final Status: You were not hungry. You were unencumbered. You were wielding a dagger. You had expert skill with dagger. Final Attributes: You were piously aligned. You were magic-protected. You were fire resistant. You were cold resistant. You were sleep resistant. You were disintegration-resistant. You were shock resistant. You were poison resistant. You saw invisible. You were telepathic. You had automatic searching. You were invisible to others. You could teleport. You had a moderate defense bonus (+8). You were protected. You took half spell damage. You were very fast. You had reflection. You had free action. You were very lucky. You had extra luck. Good luck did not time out for you. You survived after being killed once. Miscellaneous: You encountered 1 bones level. Total elapsed playing time was 17 hours, 59 minutes and 55 seconds. Vanquished creatures: Geryon Orcus Juiblex the Wizard of Yendor (4 times) Pestilence Vlad the Impaler a high cleric a mastodon Medusa 13 krakens the Master of Thieves 3 iron golems 2 master liches a ki-rin a storm giant a titan a balrog 3 purple worms 3 gold dragons 2 silver dragons 3 red dragons a white dragon 2 orange dragons 2 black dragons 2 green dragons 3 yellow dragons 2 minotaurs 4 jabberwocks 5 baluchitheria an Angel 4 demiliches a stone golem 2 master mind flayers 4 Nazgul 2 pit fiends 2 sandestins 2 hell hounds 3 displacer beasts 2 titanotheres a trapper a baby silver dragon 4 guardian nagas 3 genetic engineers 4 disenchanters 26 vampire leaders 4 skeletons 9 aligned clerics 6 captains 5 shades 3 liches 3 clay golems 4 nurses 3 ice devils 4 nalfeshnees 2 lurkers above an Aleax 2 frost giants an ettin 2 golden nagas 8 black puddings 27 vampires 7 lieutenants 45 ghosts 2 queen bees 2 winged gargoyles 2 mind flayers 9 giant mimics 2 long worms 6 zruties 9 fire giants 5 ogre tyrants 2 rock trolls 5 umber hulks 5 flesh golems 4 elven monarchs a doppelganger 7 hezrous 6 bone devils 9 large mimics a wumpus 2 fire vortices 12 stalkers 3 air elementals 2 earth elementals a water elemental 11 hill giants 6 giant mummies a black naga 4 xorns 19 giant zombies 14 elf-nobles 14 sergeants a water demon 3 barbed devils 13 vrocks 3 salamanders 19 wargs 2 winter wolves a hell hound pup 29 small mimics a glass piercer 3 warhorses 3 steam vortices 8 xans 3 ettin mummies 6 ogre leaders 7 quantum mechanics 9 trolls 2 sasquatches 3 wood golems 2 erinyes 4 mariliths 8 sharks 8 electric eels 5 gelatinous cubes 2 pyrolisks a large dog 4 freezing spheres 3 flaming spheres 2 shocking spheres a large cat 7 tigers 7 gargoyles a dwarf ruler a tengu 3 ochre jellies 5 leocrottas 2 energy vortices 3 mountain centaurs 6 stone giants 4 elf mummies 3 human mummies 4 red nagas 4 green slimes a python 2 cobras 47 wraiths 4 carnivorous apes 19 ettin zombies 7 Grey-elves 107 soldiers 3 watchmen 17 amorous demons 6 horned devils 5 chameleons 2 crocodiles 5 giant beetles 2 quivering blobs 15 cockatrices 8 wolves 4 winter wolf cubs a lynx a panther 18 gremlins 8 leprechauns 4 orc-captains 3 iron piercers 2 mumakil 86 giant spiders 3 scorpions 2 horses 2 ice vortices 6 black lights 10 vampire bats 23 forest centaurs 4 gnome rulers 2 orc mummies a dwarf mummy 4 ogres 4 brown puddings 12 rust monsters 4 owlbears 6 yetis 3 gold golems a werewolf 4 Green-elves 6 piranha 14 giant eels 7 lizards 2 chickatrices 2 dingoes a housecat 2 jaguars 3 dwarf leaders 3 blue jellies 3 white unicorns 2 black unicorns 8 dust vortices 2 ravens 6 plains centaurs a Kop Kaptain 4 gnome mummies 6 snakes 5 water moccasins 19 human zombies 3 rope golems a Woodland-elf 7 soldier ants 6 fire ants 11 bugbears 3 imps 4 quasits 7 wood nymphs 5 water nymphs 6 Mordor orcs 6 Uruk-hai 2 orc shamans 7 rock piercers 3 rock moles 2 fog clouds 10 yellow lights a shrieker a violet fungus 22 gnome leaders 9 gnomish wizards 6 Kop Lieutenants 3 kobold mummies a black naga hatchling 4 gray oozes 2 barrow wights 19 elf zombies 22 ghouls 6 straw golems 4 jellyfish a baby crocodile 31 giant ants a little dog 8 floating eyes a kitten 25 dwarves 4 homunculi a kobold leader 4 kobold shamans 2 hill orcs 20 rothes 7 centipedes 3 giant bats a monkey 14 orc zombies 31 dwarf zombies 6 wererats 2 werejackals 10 iguanas 29 killer bees 3 acid blobs 5 coyotes 12 hobbits 10 manes 4 large kobolds 15 hobgoblins 2 giant rats 13 cave spiders 2 brown molds 6 yellow molds a green mold 2 red molds 74 gnomes 6 Keystone Kops a garter snake 20 gnome zombies 9 geckos 19 jackals 3 foxes a kobold 9 goblins 8 sewer rats 15 grid bugs 2 bats 13 lichens 14 kobold zombies 11 newts 1865 creatures vanquished. Genocided or extinct species: liches demiliches master liches arch-liches soldiers (extinct) jellyfish piranha sharks giant eels electric eels krakens 10 species genocided. 1 species extinct. Voluntary challenges: You read items or engraved 87 times. You never engraved Elbereth. You genocided 10 types of monsters. You never polymorphed an object. You used 3 wishes. You did not wish for any artifacts. You violated the special Sokoban rules twice. Achievements: You entered a shop. You attained the rank of Sightseer. You entered the Gnomish Mines. You attained the rank of Excursionist. You entered Minetown. You entered a temple. You entered Sokoban. You completed Sokoban. You attained the rank of Peregrinatrix. You completed the Gnomish Mines. You attained the rank of Traveler. You had the Bell of Opening. You defeated Medusa. You learned the tune to open and close the Castle's drawbridge. You entered Gehennom. You handled the Candelabrum of Invocation. You handled the Book of the Dead. You gained access to Moloch's Sanctum. You reached the Elemental Planes. You reached the Astral Plane. You delivered the Amulet of Yendor. You ascended! The Elemental Planes: Astral Plane: <- You are here. A temple to The Lady. Plane of Water: Plane of Fire: Plane of Air: Plane of Earth: The Dungeons of Doom: levels 1 to 29 Level 1: A fountain. Level 2: Level 3: A general store. Stairs down to The Gnomish Mines. Level 4: "stash" A general store, an altar to The Lady, a sink. Level 5: Many fountains. Oracle of Delphi. Level 6: A fountain. Stairs up to Sokoban, level 5. Level 7: Some fountains. Level 8: Final resting place for Dewzmint-Pri-Hum-Mal-Law, killed by a dingo. Level 9: Level 10: Level 11: Portal to The Quest. Level 12: A fountain, some graves. Level 13: A general store. Level 14: Some fountains. Level 15: A temple to The Lady. Level 16: A temple to The Lady. Level 17: A primitive area. Level 18: An armor shop. Level 19: A fountain. Level 20: A grave. Level 21: Level 22: An altar. Level 23: A temple, a sink. Level 24: Some graves. Level 25: A temple, some fountains. Level 26: A fountain. Level 27: Level 28: Level 29: A fountain. The castle (play notes "AGFBD" to open or close drawbridge). Connection to Gehennom. Gehennom: levels 30 to 49 Level 30: A temple, many graves. Valley of the Dead. Level 31: Level 32: Level 33: Level 34: Level 35: Level 36: Some fountains. Level 37: Level 38: Level 39: Level 40: Stairs up to Vlad's Tower, level 39. Level 41: Level 42: Some shops, an altar, many graves. Level 43: Level 44: Level 45: Level 46: Level 47: Level 48: Level 49: A temple, many graves. Moloch's Sanctum. The Gnomish Mines: levels 4 to 12 Level 4: Level 5: Level 6: Level 7: Many shops, a temple, some fountains. Level 8: Level 9: Level 10: Level 11: Level 12: The Quest: levels 1 to 6 Level 1: A grave. Completed quest for Twoflower. Level 2: Level 3: Some shops, many graves. Level 4: Level 5: Level 6: Some shops, many graves. Sokoban: levels 5 up to 2 Level 2: Solved. Level 3: Solved. Level 4: Solved. Level 5: Solved. Vlad's Tower: levels 39 up to 37 Level 37: Level 38: Level 39: Aloha elenmirie the Demigoddess... You went to your reward with 1956690 points, Magicbane (worth 3500 zorkmids and 8750 points) The Bell of Opening (worth 5000 zorkmids and 12500 points) The Platinum Yendorian Express Card (worth 7000 zorkmids and 17500 points) 9 emeralds (worth 22500 zorkmids), 4 black opals (worth 10000 zorkmids), 3 diamonds (worth 12000 zorkmids), 2 rubies (worth 7000 zorkmids), 1 amethyst stone (worth 600 zorkmids), 1 amulet of reflection (worth 150 zorkmids), 1 amulet of magical breathing (worth 150 zorkmids), and 49 pieces of gold, after 36308 moves. You were level 17 with a maximum of 235 hit points when you ascended.